 Dungeon Sprint DCSS version 0.20-a0-495-g2241292 (webtiles) character file.

74 kae the Shield-Bearer (level 4, 0/39 HPs)
             Began as a Formicid Fighter on Jan 18, 2017.
             Drowned by a water elemental (9 damage)
             ... in the Dungeon (Sprint III: "The Ten Rune Challenge").
             The game lasted 00:00:29 (324 turns).

kae the Shield-Bearer (Formicid Fighter)             Turns: 324, Time: 00:00:30

Health: 0/39       AC:  7    Str: 21    XL:     4   Next: 52%
Magic:  4/4        EV:  8    Int:  8    God:
Gold:   9          SH: 10    Dex: 10    Spells: 3/3 levels left

rFire    . . .     SeeInvis +   a - +0 flail
rCold    . . .     Gourm    .   b - +0 scale mail
rNeg     . . .     Faith    .   c - +0 shield
rPois    .         Spirit   .   (helmet unavailable)
rElec    .         Reflect  .   (no cloak)
rCorr    .         Harm     .   (no gloves)
MR       .....                  (no boots)
Stlth    ..........             (no amulet)
Regen    0.2/turn               (no ring)
                                (no ring)

@: engulfed (cannot breathe)
A: permanent stasis, dig shafts and tunnels, four strong arms, antennae 3
a: Dig


You were in the Dungeon.
You were not hungry.

You visited 1 branch You collected 9 gold pieces.

Inventory:

Hand Weapons
 a - a +0 flail (weapon)
Armour
 b - a +0 scale mail (worn)
 c - a +0 shield (worn)
Scrolls
 k - a scroll of blinking
Potions
 h - a potion of haste
 i - 2 potions of magic
 j - a potion of berserk rage
Comestibles
 f - a bread ration


   Skills:
 + Level 5.0 Fighting
 * Level 5.3 Maces & Flails
 + Level 5.1 Armour
 + Level 5.6 Shields


You had 3 spell levels left.
You didn't know any spells.

Dungeon Overview and Level Annotations

Branches:
Dungeon (1/1)

Altars:


Innate Abilities, Weirdness & Mutations

You cannot be hasted, slowed, berserked, paralysed or teleported.
You can dig through walls and to a lower floor.
Your four strong arms can wield two-handed weapons with a shield.
You have a pair of large antennae on your head. (SInv)


Message History

Your lungs strain for air!
The water elemental closely misses you.
You are too injured to fight recklessly!
You are too injured to fight recklessly!
You are too injured to fight recklessly!
You are too injured to fight recklessly!
You are too injured to fight recklessly!
You are too injured to fight recklessly!
You thump the water elemental!
The water elemental is severely damaged.
Your lungs strain for air!
The water elemental barely misses you.
You hit the water elemental.
The water elemental is almost destroyed.
* * * LOW HITPOINT WARNING * * *
Your lungs strain for air!
You block the water elemental's attack.
You hit the water elemental.
The water elemental is almost destroyed.
You die...

▓▓▓▓▓▓▓▓ ▓▓▓ <..#...####
##.# ...#......## #..#
..##.......# #..#{
##.##.##...# #..# #+#+#
##.##.###..# +#.@#......
#.####.##..# #...E.⌠....
.###..##..####...#...###
#.....##..###....#.⌠.#{
###..##...##.....# ..#
##..##....#......# ###
#..###..##.#.....# {{
#[.# #..#####....# ▓▓▓▓
▓▓▓▓ ▓▓▓▓▓▓


You could see a water elemental.

Vanquished Creatures
  A scorpion (D)
  A human (D)
  4 rats (D)
6 creatures vanquished.

Vanquished Creatures (others)
  A draconian scorcher (D)
  6 hellions (D)
  A yaktaur (D)
8 creatures vanquished.

Grand Total: 14 creatures vanquished

Notes
Turn   | Place    | Note
-------+----------+-------------------------------------------
     0 | D        | kae the Formicid Fighter began the quest for the Orb.
     0 | D        | Reached XP level 1. HP: 18/18 MP: 1/1
    53 | D        | Noticed a scorpion
    63 | D        | Killed a scorpion
    63 | D        | Reached skill level 5 in Shields
    63 | D        | Reached XP level 2. HP: 10/26 MP: 2/2
    63 | D        | Reached XP level 3. HP: 12/32 MP: 3/3
    63 | D        | Reached XP level 4. HP: 15/38 MP: 4/4
    73 | D        | Reached skill level 5 in Fighting
    73 | D        | Reached skill level 5 in Maces & Flails
    73 | D        | Reached skill level 5 in Armour
    81 | D        | Killed a yaktaur
   100 | D        | Killed a hellion
   122 | D        | Killed a hellion
   122 | D        | Killed a hellion
   124 | D        | Killed a hellion
   150 | D        | Killed a white draconian scorcher
   161 | D        | Killed a hellion
   173 | D        | Killed a hellion
   316 | D        | Noticed a water elemental
   324 | D        | Drowned by a water elemental

Vault maps used:
D:        dungeon_sprint_mu

Skill      XL: |  1  2  3  4 |
---------------+-------------+-----
Fighting       | 4 5 |  5.0
Maces & Flails | 4 5 |  5.3
Armour         | 4 5 |  5.1
Shields        | 5 |  5.6

Action                   |  1- 3 |  4- 6 || total
-------------------------+-------+-------++-------
Melee: Flail             |    23 |    15 ||    38
  Use: Potion            |     2 |     1 ||     3
Armor: Scale mail        |     7 |     1 ||     8
Dodge: Dodged            |     6 |     7 ||    13
Block: Shield            |     9 |     5 ||    14
